 Dungeon Crawl Stone Soup version 0.24.0-2-g5b39cebb1c (webtiles) character file.

Game seed: 13316276961545185028, levelgen mode: deterministic

445 Mrkan the Chopper (level 6, -7/56 HPs)
             Began as a Draconian Berserker on Oct 31, 2019.
             Was a Believer of Trog.
             Mangled by Duvessa
             ... wielding a +0 short sword
              (12 damage)
             ... on level 4 of the Dungeon.
             The game lasted 00:07:09 (3705 turns).

Mrkan the Chopper (Draconian Berserker)             Turns: 3705, Time: 00:07:09

Health: -7/56      AC:  9    Str: 19    XL:     6   Next: 72%
Magic:  6/6        EV: 14    Int:  7    God:    Trog [**....]
Gold:   194        SH:  0    Dex: 13    Spells: 5/5 levels left

rFire    . . .     SeeInvis .   a - +0 hand axe
rCold    . . .     Gourm    .   (no shield)
rNeg     . . .     Faith    .   (armour unavailable)
rPois    .         Spirit   .   (helmet restricted)
rElec    .         Reflect  .   j - +2 cloak
rCorr    .         Harm     .   (no gloves)
MR       .....                  (no boots)
Stlth    +.........             (no amulet)
HPRegen  0.18/turn              (no ring)
MPRegen  0.10/turn              (no ring)

@: berserk cooldown, slowed, very slow
A: unfitting armour, cold-blooded, AC +6
a: Berserk, Trog's Hand, Renounce Religion


You were on level 4 of the Dungeon.
You worshipped Trog.
Trog was pleased with you.
You were very hungry.

You visited 1 branch of the dungeon, and saw 4 of its levels.
You also visited: Sewer.

You collected 194 gold pieces.

Inventory:

Hand Weapons
 a - a +0 hand axe (weapon)
Missiles
 g - 4 curare-tipped darts (quivered)
Armour
 j - a +2 cloak (worn)
Jewellery
 e - an uncursed amulet of guardian spirit {unknown}
Wands
 s - a wand of polymorph (7)
 t - a wand of digging (4)
Scrolls
 c - 6 scrolls of identify {unknown}
 d - 3 scrolls of teleportation {unknown}
 f - a scroll of fear {unknown}
 h - 3 scrolls of enchant armour {unknown}
 k - a scroll of noise {unknown}
 m - a scroll of remove curse {unknown}
 n - a scroll of amnesia {unknown}
 p - 2 scrolls of magic mapping {unknown}
 u - a scroll of blinking {unknown}
Potions
 i - 2 potions of magic
 l - a potion of mutation {unknown}
 o - a potion of brilliance {unknown}
 q - a potion of resistance {unknown}
Comestibles
 b - 3 rations
 r - 2 chunks of flesh


   Skills:
 + Level 5.0 Fighting
 * Level 5.8 Axes
 + Level 4.1 Dodging


You had 5 spell levels left.
You didn't know any spells.
Your spell library was empty.

Dungeon Overview and Level Annotations

Branches:
Dungeon (4/15)              Sewer (visited)
 Temple: D:4-7

Altars:
Ashenzari
Okawaru
Sif Muna
Xom

Annotations:
D:4 Duvessa


Innate Abilities, Weirdness & Mutations

Your plain brown scales are hard. (AC +6)
You cannot fit into any form of body armour.
You are cold-blooded and may be slowed by cold attacks.


Message History

You closely miss Duvessa.
Duvessa is moderately wounded.
Duvessa barely misses you. Duvessa hits you but does no damage.
You closely miss Duvessa.
Duvessa is moderately wounded.
Duvessa completely misses you. Duvessa hits you with a +0 short sword!
It was a potion of magic.
Magic courses through your body. Duvessa misses you.
Duvessa hits you with a +0 short sword.
* * * LOW HITPOINT WARNING * * *
Duvessa closely misses you. Duvessa hits you with a +0 short sword!
* * * LOW HITPOINT WARNING * * *
Duvessa hits you with a +0 short sword.
* * * LOW HITPOINT WARNING * * *
Things that are here:
a +0 dagger; a +0 robe; the elf corpse of Dowan You hear a shout!
Duvessa misses you. Duvessa hits you with a +0 short sword!
You die...

#.#.#.# #.#.#.. #.#.##.
#.#.##.## #.#.##..#
####.####.#.###.##########
........)................<
######..#e#.###.#####.....
#..#@#.# #..# #.###.
#..#.#.# ##.# #.#...
#..#.#.# #.####.#...
...#.#.# #.##.......
##.##.#.####.##.#..... #.
..#.......#.#.....
#########.#.#.....
#############...#..#.#
#...........#...#.....


You could see Duvessa (berserk).

Vanquished Creatures
  An ogre (D:3)
  Dowan (D:4)
  An orc priest (D:4)
  Jessica (D:3)
  Ijyb (D:3)
  Natasha (thrice) (D:3)
  5 adders
  An ooze (D:2)
  2 worms (D:3)
  2 dart slugs
  6 leopard geckos (D:3)
  7 orcs
  5 giant cockroaches
  5 goblins
  12 hobgoblins
  2 jackals (Sewer)
  14 kobolds
  A quokka (D:3)
  6 ball pythons
  7 bats
  7 frilled lizards
  6 rats
96 creatures vanquished.

Notes
Turn   | Place    | Note
-------+----------+-------------------------------------------
     0 | D:1      | Mrkan the Draconian Berserker began the quest for the Orb.
     0 | D:1      | Reached XP level 1. HP: 19/19 MP: 1/1
   131 | D:1      | Reached XP level 2. HP: 23/26 MP: 2/2
   941 | D:2      | Reached XP level 3. HP: 31/31 MP: 3/3
   986 | D:2      | Reached ** piety under Trog
  1573 | D:3      | Found an iron altar of Okawaru.
  1573 | D:3      | Found a shattered altar of Ashenzari.
  1573 | D:3      | Found a shimmering altar of Xom.
  1576 | D:3      | Noticed Natasha
  1590 | D:3      | Killed Natasha
  1590 | D:3      | Reached XP level 4. HP: 30/40 MP: 4/4
  1592 | D:3      | Noticed an ogre
  1650 | D:3      | Killed an ogre
  1650 | D:3      | Reached XP level 5. HP: 22/46 MP: 5/5
  2041 | D:3      | Reached skill level 5 in Axes
  2072 | D:3      | Found a glowing drain.
  2072 | D:3      | Noticed Natasha
  2084 | D:3      | Killed Natasha
  2101 | Sewer    | Entered a sewer
  2542 | Sewer    | Reached XP level 6. HP: 37/53 MP: 6/6
  3116 | D:3      | Noticed Natasha
  3124 | D:3      | Killed Natasha
  3173 | D:3      | Found a shimmering blue altar of Sif Muna.
  3317 | D:3      | Noticed Ijyb
  3319 | D:3      | Noticed Jessica
  3334 | D:3      | Killed Ijyb
  3335 | D:3      | Killed Jessica
  3671 | D:4      | Noticed Dowan
  3690 | D:4      | Killed Dowan
  3690 | D:4      | Reached skill level 5 in Fighting
  3691 | D:4      | Noticed Duvessa
  3705 | D:4      | Mangled by Duvessa

Levels and vault maps discovered:
D:1:      mrwooster_arrival_statue, layout_basic
D:2:      layout_loops_ring, minivault_11, chequers_serial_rivers_small_b
D:3:      layout_loops_ring, chequers_temple_overflow_statue_of_worship,
          old_standard_altar, gup_sewer_entry_pipe, uniq_jessica, uniq_natasha,
          uniq_ijyb
D:4:      layout_basic, minmay_temple_entry_ruins, uniq_duvessa

Skill      XL: |  1  2  3  4  5  6 |
---------------+-------------------+-----
Dodging        | 3 4 |  4.1
Axes           | 4 5 |  5.8
Fighting       | 4 5 |  5.0

Action                   |  1- 3 |  4- 6 || total
-------------------------+-------+-------++-------
Melee: Hand axe          |   133 |   205 ||   338
       Tailslap          |     9 |    29 ||    38
Invok: Berserk           |     1 |     5 ||     6
  Use: Potion            |       |     2 ||     2
 Stab: Sleeping          |     1 |     2 ||     3
  Eat: Chunk             |     2 |    12 ||    14
Armor: Skin              |    43 |    72 ||   115
Dodge: Dodged            |    87 |   186 ||   273
